 Dungeon Crawl Stone Soup version 0.27-a0-1154-gfdeffcb720 (webtiles) character file.

Game seed: 1689077876383426868

54688 rjrrt the Severer (level 14, -9/151 HPs)
             Began as a Demonspawn Berserker on May 14, 2021.
             Was the Champion of Trog.
             Killed by drain life
             ... invoked by a soul eater
             ... summoned by an orc high priest
              (14 damage)
             ... on level 2 of the Orcish Mines.
             The game lasted 00:43:19 (22524 turns).

rjrrt the Severer (Demonspawn Berserker)           Turns: 22524, Time: 00:43:19

Health: -9/151     AC: 24    Str: 22    XL:     14   Next: 35%
Magic:  14/14      EV: 10    Int: 10    God:    Trog [******]
Gold:   1674       SH:  4    Dex: 12    Spells: 13/13 levels left

rFire    . . .     SeeInvis .   a - +5 battleaxe
rCold    + + .     Faith    +   (shield currently unavailable)
rNeg     . . .     Spirit   .   L - +1 chain mail {rPois}
rPois    +         Reflect  .   E - +0 helmet
rElec    .         Harm     .   k - +2 cloak {rC+}
rCorr    +         Rampage  .   e - +2 pair of gloves
Will     +....                  (boots unavailable)
Stlth    ..........             y - amulet of Wafakh {Faith rC+}
HPRegen  0.35/turn              i - ring of flight
MPRegen  0.14/turn              B - ring of resist corrosion

@: berserking, flying, very quick
A: hooves 3, molten scales 1, icemail 1, spiny 1, condensation shield
a: Renounce Religion, Berserk, Trog's Hand, Brothers in Arms


You were on level 2 of the Orcish Mines.
You worshipped Trog.
Trog was exalted by your worship.
You visited 3 branches of the dungeon, and saw 16 of its levels.
You also visited: Ice Cave.

You collected 1738 gold pieces.
You spent 64 gold pieces at shops.

Inventory:

Hand Weapons
 a - a +5 battleaxe (weapon)
 b - a +3 glaive of flaming
 m - a +3 antimagic battleaxe
 K - a +3 vorpal executioner's axe
Missiles
 h - 64 poisoned darts (quivered)
Armour
 c - a +3 chain mail of fire resistance
 e - a +2 pair of gloves (worn)
 k - a +2 cloak of cold resistance (worn)
 A - the +2 hat of the Other Side {rElec Regen+ rCorr Dex-5}
   (You found it in an ice cave)

   It affects your dexterity (-5).
   It insulates you from electricity.
   It increases your rate of health regeneration.
   It protects you from acid and corrosion.
 E - a +0 helmet (worn)
 L - a +1 chain mail of poison resistance (worn)
Jewellery
 d - a ring of fire
 i - a ring of flight (left hand)
 y - the amulet of Wafakh (around neck) {Faith rC+}
   (You acquired it on level 6 of the Dungeon)

   [amulet of faith]

   It allows you to gain divine favour quickly.
   It protects you from cold.
 B - a ring of resist corrosion (right hand)
Wands
 n - a wand of iceblast (25)
 t - a wand of flame (41)
 u - a wand of acid (25)
 w - a wand of paralysis (10)
 F - a wand of mindburst (8)
Scrolls
 j - 2 scrolls of blinking
 o - 3 scrolls of teleportation
 q - 6 scrolls of magic mapping
 s - a scroll of enchant armour
 x - 2 scrolls of fog
 H - a scroll of fear
Potions
 f - 3 potions of attraction
 g - 2 potions of lignification
 l - 5 potions of curing
 p - 7 potions of heal wounds
 r - a potion of haste
 z - 3 potions of resistance
 C - 3 potions of might
 D - a potion of invisibility {unknown}
 I - 10 potions of ambrosia
 J - a potion of cancellation {unknown}


   Skills:
 + Level 6.4 Fighting
 * Level 19.4 Axes
 + Level 6.0 Armour
 + Level 6.0 Dodging
 + Level 4.6 Evocations


You had 13 spell levels left.
You didn't know any spells.
Your spell library was empty.

Dungeon Overview and Level Annotations

Branches:
Dungeon (9/15)             Temple (0/1) D:7            Lair (5/6) D:9
  Swamp (0/4) Lair:4       Spider (0/4) Lair:2        Slime (0/5) Lair:5
    Orc (2/2) D:9             Elf (0/3) Orc:2         IceCv (visited)

Altars:
Gozag
Kikubaaqudgha
Makhleb
Nemelex Xobeh
Okawaru
Xom
Zin
Beogh
Jiyva

Shops:
D:2 [   Orc:2 *(

Annotations:
D:4 2 transporters, HendSelp's ghost, amateur MiGl
Lair:5 2 transporters, HendSelp's ghost, journeyman MiGl


Innate Abilities, Weirdness & Mutations

You have hooves in place of feet.
You are partially covered in molten scales. (AC +2)
A meltable icy envelope protects you from harm. (AC +4)
You are partially covered in sharp spines.
A meltable shield of frost defends you. (SH +4)


Message History

You closely miss the soul eater.
The soul eater hits you but does no damage.
Unknown command.
You closely miss the orc high priest.
The orc high priest is lightly wounded.
You slice the soul eater!!
The orc high priest is struck by your spines.
The orc high priest closely misses you.
The soul eater draws from the surrounding life force!
* * * LOW HITPOINT WARNING * * *
The soul eater is healed.
Unknown command.
Unknown command.
A red film seems to cover your vision as you go berserk!
You feel yourself moving faster!
You feel mighty!
The orc high priest hits you with a +0 hand axe of electrocution!
* * * LOW HITPOINT WARNING * * *
The soul eater hits you but does no damage.
You closely miss the orc high priest. You kick the orc high priest!
The orc high priest is heavily wounded.
You hit the soul eater.
The orc high priest hits you but does no damage.
You are electrocuted!
* * * LOW HITPOINT WARNING * * *
You slash the orc high priest! Your kick misses the orc high priest.
The orc high priest is severely wounded.
You hit the soul eater. The soul eater closely misses you.
Unknown command.
You barely miss the orc high priest. You kick the orc high priest!
The orc high priest is severely wounded.
You hit the soul eater.
The orc high priest calls down the wrath of Beogh upon you.
Beogh smites you!
* * * LOW HITPOINT WARNING * * *
Unknown command.
You barely miss the orc high priest.
The orc high priest is severely wounded.
You hit the soul eater but do no damage.
The soul eater draws from the surrounding life force!
You die...

...#....'..#...#.....
...#....#.[##..##....
#'##....#####...#....
...........##...##...
.###'#####.##....#
.##...#..#.###)).##
.##...#..'.# #.)).#
'######..### ##.).##
..######## ##@..#
...##.## #3o.#
....##.## .....#
.......P## .......#
.......≈≈# .........#
...♣#≈≈≈##
#....8....#
######≈≈≈#
#.........# .## #≈≈##
##.......## ..♣#
###≈##


You could see a soul eater (summoned) and an orc high priest.

Vanquished Creatures
  A frost giant (IceCv)
  An orc warlord (Orc:2)
  The ghost of Gaoraaj the Geomancer, a journeyman OpEE of Gozag (Orc:1)
  3 hydras
  A centaur warrior (D:9)
  3 two-headed ogres
  3 death yaks (Lair:4)
  A bog body (Lair:4)
  5 orc knights
  3 orc sorcerers (Orc:2)
  An oklob plant (Lair:4)
  A manticore (D:7)
  An ice statue (IceCv)
  10 elephants
  3 black mambas
  7 cane toads
  Maggie (D:6)
  3 komodo dragons
  4 trolls
  A jumping spider (Lair:2)
  A queen bee (Lair:3)
  2 hornets
  14 polar bears (IceCv)
  18 blink frogs
  6 dream sheep (Lair:5)
  5 slime creatures (D:7)
  A redback (Lair:2)
  39 yaks
  5 wyverns
  2 basilisks
  2 steam dragons (D:8)
  4 wargs
  An acid dragon (D:9)
  19 water moccasins
  An ice beast (D:6)
  3 black bears
  35 orc warriors
  12 ogres
  A necrophage (D:8)
  19 wolves
  4 phantoms
  6 centaurs
  19 bullfrogs
  A gnoll sergeant (D:7)
  2 wyvern zombies
  3 scorpions
  2 water moccasin zombies (D:6)
  A wyvern skeleton (D:5)
  30 killer bees
  4 howler monkeys
  2 electric eels (Lair:5)
  3 centaur zombies
  A bullfrog skeleton (D:7)
  13 orc priests
  2 hounds
  14 jellies
  Natasha (thrice) (D:2)
  19 orc wizards
  A killer bee zombie (D:8)
  A hound skeleton (D:4)
  3 gnolls (D:3)
  A howler monkey skeleton (D:4)
  5 adders
  A shadow imp (D:7)
  2 white imps (D:7)
  An adder skeleton (D:4)
  A worm (D:2)
  4 dart slugs
  84 orcs
  6 bats
  18 endoplasms
  4 giant cockroaches
  7 goblins
  7 hobgoblins
  12 jackals
  2 quokkas
  7 ball pythons
  4 frilled lizards
  4 kobolds
  6 rats
554 creatures vanquished.

Vanquished Creatures (collateral kills)
  A death yak (Lair:4)
  2 orc sorcerers (Orc:2)
  A yak (Lair:4)
  An orc warrior (Orc:2)
  An orc priest (Orc:2)
  An orc wizard (Orc:2)
  An orc (Orc:2)
8 creatures vanquished.

Vanquished Creatures (others)
  A bush (Lair:4)
  64 fungi
  89 plants
154 creatures vanquished.

Grand Total: 716 creatures vanquished

Notes
Turn   | Place    | Note
-------+----------+-------------------------------------------
     0 | D:1      | rjrrt the Demonspawn Berserker began the quest for the Orb.
     0 | D:1      | Reached XP level 1. HP: 18/18 MP: 1/1
   210 | D:1      | Reached skill level 3 in Axes
   283 | D:1      | Gained mutation: You are partially covered in molten
                  | scales. (AC +2) [demonic ancestry]
   283 | D:1      | Reached XP level 2. HP: 17/24 MP: 2/2
   599 | D:1      | Found a faded altar of an unknown god.
   895 | D:1      | Gained mutation: A meltable shield of frost defends you.
                  | (SH +4) [demonic ancestry]
   895 | D:1      | Reached XP level 3. HP: 29/29 MP: 3/3
  1314 | D:2      | Reached ** piety under Trog
  1315 | D:2      | Reached skill level 4 in Axes
  1470 | D:2      | Found a shimmering altar of Xom.
  1853 | D:2      | Found Dugeohestri's Armour Emporium.
  1862 | D:2      | Gained mutation: A meltable icy envelope protects you from
                  | harm. (AC +4) [demonic ancestry]
  1862 | D:2      | Reached XP level 4. HP: 35/35 MP: 4/4
  1982 | D:2      | Noticed Natasha
  1987 | D:2      | Killed Natasha
  1988 | D:2      | Reached skill level 5 in Axes
  2086 | D:2      | Noticed Natasha
  2094 | D:2      | Killed Natasha
  2095 | D:2      | Reached XP level 5. HP: 41/41 MP: 5/5
  2157 | D:2      | Noticed Natasha
  2160 | D:2      | Killed Natasha
  2477 | D:3      | Noticed a phantom
  2493 | D:3      | Killed a phantom
  2494 | D:3      | Reached skill level 6 in Axes
  2494 | D:3      | Gained mutation: You have large cloven feet. [demonic
                  | ancestry]
  2494 | D:3      | Reached XP level 6. HP: 43/47 MP: 6/6
  3466 | D:4      | Identified the +7 great mace of the Endless March {vorpal,
                  | +Rage Stlth+}
  3466 | D:4      | Noticed HendSelp's ghost (amateur MiGl)
  3468 | D:4      | Found a transporter.
  3496 | D:4      | Found a transporter.
  3525 | D:4      | Reached *** piety under Trog
  4192 | D:4      | Reached skill level 7 in Axes
  4420 | D:4      | Reached XP level 7. HP: 50/52 MP: 7/7
  4503 | D:5      | Entered Level 5 of the Dungeon
  4776 | D:5      | Reached XP level 8. HP: 60/60 MP: 8/8
  5127 | D:6      | Identified the +4 rapier of Nuepp {holy, rC+}
  5193 | D:6      | Noticed Maggie
  5208 | D:6      | Killed Maggie
  5209 | D:6      | Reached skill level 8 in Axes
  5333 | D:6      | Reached skill level 9 in Axes
  5749 | D:6      | Identified a scroll of acquirement
  5749 | D:6      | Acquired the amulet of Wafakh {Faith rC+}
  5823 | D:6      | Gained mutation: You have hoof-like feet. [demonic
                  | ancestry]
  5823 | D:6      | Reached XP level 9. HP: 49/65 MP: 9/9
  6148 | D:7      | Found a staircase to the Ecumenical Temple.
  6188 | D:7      | Found a sparkling altar of Nemelex Xobeh.
  6193 | D:7      | Noticed a manticore
  6210 | D:7      | Killed a manticore
  6211 | D:7      | Reached skill level 10 in Axes
  6470 | D:7      | Noticed a komodo dragon
  6483 | D:7      | Killed a komodo dragon
  6593 | D:7      | Reached **** piety under Trog
  6767 | D:7      | Reached skill level 11 in Axes
  7165 | D:7      | Gained mutation: You are partially covered in sharp spines.
                  | [demonic ancestry]
  7165 | D:7      | Reached XP level 10. HP: 71/71 MP: 10/10
  7186 | D:7      | Reached skill level 12 in Axes
  8342 | D:8      | Found an ancient bone altar of Kikubaaqudgha.
  8589 | D:9      | Reached skill level 13 in Axes
  8675 | D:9      | Noticed a centaur warrior
  8677 | D:9      | Noticed a seven-headed hydra
  8866 | D:9      | Reached ***** piety under Trog
  8871 | D:9      | Killed a centaur warrior
  8872 | D:9      | Reached skill level 14 in Axes
  8910 | D:9      | Found an opulent altar of Gozag.
  8920 | D:9      | Reached XP level 11. HP: 74/77 MP: 11/11
  8929 | D:9      | Identified the +8 whip of Ficunn {vorpal, rC+}
  9071 | D:9      | Found a burning altar of Makhleb.
  9115 | D:9      | Killed a seven-headed hydra
  9358 | D:9      | Found a staircase to the Lair.
  9380 | D:9      | Found a staircase to the Orcish Mines.
  9409 | D:9      | Found an iron altar of Okawaru.
  9516 | Lair:1   | Entered Level 1 of the Lair of Beasts
 10260 | Lair:1   | Reached skill level 15 in Axes
 11344 | Lair:2   | Found a hole to the Spider Nest.
 11434 | Lair:2   | Reached skill level 16 in Axes
 12118 | Lair:3   | Received a gift from Trog
 12223 | Lair:3   | Reached XP level 12. HP: 83/83 MP: 12/12
 12921 | Lair:3   | Noticed a four-headed hydra
 12933 | Lair:3   | Killed a four-headed hydra
 13211 | Lair:3   | Reached skill level 17 in Axes
 14024 | Lair:4   | Noticed a death yak
 14024 | Lair:4   | Noticed a death yak
 14338 | Lair:4   | Noticed a four-headed hydra
 14368 | Lair:4   | Killed a four-headed hydra
 14892 | Lair:4   | Reached skill level 18 in Axes
 14916 | Lair:4   | Noticed a death yak
 14916 | Lair:4   | Noticed a death yak
 14925 | Lair:4   | Killed a death yak
 14931 | Lair:4   | Killed a death yak
 14932 | Lair:4   | Killed a death yak
 14933 | Lair:4   | Gained mutation: You have hooves in place of feet. [demonic
                  | ancestry]
 14933 | Lair:4   | Reached XP level 13. HP: 83/88 MP: 13/13
 15132 | Lair:4   | Received a gift from Trog
 15588 | Lair:4   | Found a staircase to the Swamp.
 15755 | Lair:5   | Found a viscous altar of Jiyva.
 15760 | Lair:5   | Found a staircase to the Slime Pits.
 15906 | Lair:5   | Noticed HendSelp's ghost (journeyman MiGl)
 15907 | Lair:5   | Noticed a tentacled starspawn
 16243 | Lair:5   | Found a transporter.
 16261 | Lair:5   | Found a transporter.
 16308 | Lair:5   | Reached skill level 1 in Evocations
 17050 | Orc:1    | Entered Level 1 of the Orcish Mines
 17086 | Orc:1    | Found a frozen archway.
 17136 | IceCv    | Entered an ice cave
 17205 | IceCv    | Received a gift from Trog
 17873 | IceCv    | Noticed a frost giant
 17900 | IceCv    | Killed a frost giant
 17901 | IceCv    | Reached skill level 5 in Fighting
 18202 | IceCv    | Reached skill level 19 in Axes
 18208 | IceCv    | Reached skill level 5 in Dodging
 18254 | IceCv    | Identified the +2 hat of the Other Side {rElec Regen+ rCorr
                  | Dex-5}
 18311 | IceCv    | Reached skill level 5 in Armour
 18914 | Orc:1    | Found a burning altar of Makhleb.
 19141 | Orc:1    | Found a runed translucent gate.
 19142 | Orc:1    | Found a runed translucent gate.
 19143 | Orc:1    | Found a runed translucent gate.
 19147 | Orc:1    | Noticed Gaoraaj's ghost (journeyman OpEE)
 19179 | Orc:1    | Killed Gaoraaj's ghost
 19386 | Orc:1    | Reached ****** piety under Trog
 19636 | Orc:2    | Entered Level 2 of the Orcish Mines
 19666 | Orc:2    | Received a gift from Trog
 19877 | Orc:2    | Reached XP level 14. HP: 99/99 MP: 14/14
 20736 | Orc:2    | Paralysed by an orc sorcerer for 3 turns
 20946 | Orc:2    | Found Buckoamu's Weapon Shop.
 20959 | Orc:2    | Found Waq Romat's Assorted Antiques.
 20966 | Orc:2    | Bought a scroll labelled DACKOR TOLAI for 32 gold pieces
 20966 | Orc:2    | Bought a scroll labelled YSMUOQ FANORRI for 32 gold pieces
 21240 | Orc:2    | Paralysed by an orc sorcerer for 3 turns
 21658 | Orc:2    | Received a gift from Trog
 21865 | Orc:2    | Found a staircase to the Elven Halls.
 22320 | Orc:2    | Noticed an orc warlord
 22336 | Orc:2    | Killed an orc warlord
 22523 | Orc:2    | HP: 5/151 [orc high priest/divine providence (10)]
 22524 | Orc:2    | Killed from afar by a soul eater

Illustrated notes

Levels and vault maps discovered:
D:1:      minmay_arrival_split_and_join, layout_loops_ring,
          hellmonk_ecumenical_altar_inner_sanctum, serial_park_tiny_1,
          minivault_4, chequers_decorated_corner
D:2:      wander_river, layout_basic, serial_shops, shop_fountains, basic_altar,
          uniq_natasha
D:3:      layout_basic
D:4:      layout_basic, gammafunk_ghost_smash
D:5:      layout_rooms, minivault_24
D:6:      layout_basic, lemuel_doored_altar, corexii_leaking_fountain,
          amethyst_killhole, minmay_hedge_maze, uniq_maggie
D:7:      minmay_angry_zag, layout_basic, lemuel_tele_altar,
          minmay_temple_entry_trees
D:8:      layout_basic, marbit_many_paths, mrwooster_statue_mirror,
          dk_vineyard_3, kennysheep_generic_room_7
D:9:      layout_gridville, kennysheep_mini, bloody_makhleb, lemuel_round_altar,
          due_lair_maze_entry_diamond, orc_0_dummy, minmay_bent
Lair:1:   layout_regular_city
Lair:2:   layout_roguey, spider_nest_entry_a
Lair:3:   layout_layer_cave, special_room [special_room_bee],
          beast_lair_carwin_9
Lair:4:   lemuel_slime, layout_regular_city, skrybe_swamp_entry_bodies
Lair:5:   layout_regular_city, slime_altar_1, gammafunk_ghost_abyssal_escape,
          serial_bayou, serial_bayou_pond_a, serial_bayou_lagoon_b,
          serial_bayou_lagoon_a, serial_bayou_pond_c
Orc:1:    nicolae_orc_accident_3, layout_caves, basic_altar,
          portal_ice_cave_entry_pillars_2, ebering_ghost_rock_garden,
          nicolae_orc_rockfall, guppyfry_library_mini
Orc:2:    pubby_orc_utopia

Skill      XL: |  1  2  3  4  5  6  7  8  9 10 11 12 13 14 |
---------------+-------------------------------------------+-----
Axes           | 3 4 5 6 7 9 11 14 16 18 19 | 19.4
Armour         | 2 3 4 5 6 |  6.0
Dodging        | 2 3 4 5 6 |  6.0
Fighting       | 4 5 6 |  6.4
Evocations     | 3 4 |  4.6

Action                   |  1- 3 |  4- 6 |  7- 9 | 10-12 | 13-15 || total
-------------------------+-------+-------+-------+-------+-------++-------
Melee: Hand axe          |   108 |   121 |       |       |       ||   229
       War axe           |       |    51 |   240 |   645 |   178 ||  1114
       Whip              |       |       |       |    25 |       ||    25
       Battleaxe         |       |       |       |       |   422 ||   422
       Kick              |       |       |       |       |   172 ||   172
Throw: Dart              |       |       |       |     3 |       ||     3
Invok: Berserk           |     1 |     5 |     5 |    11 |    12 ||    34
       Brothers in Arms  |       |       |       |     1 |     1 ||     2
Evoke: Wand              |       |       |       |     5 |    10 ||    15
  Use: Scroll            |       |    11 |     9 |     5 |     5 ||    30
Armor: Animal skin       |     6 |       |       |       |       ||     6
       Ring mail         |    39 |    93 |   116 |    29 |       ||   277
       Chain mail        |       |       |       |   365 |   294 ||   659
Dodge: Dodged            |    82 |   104 |   117 |   254 |   223 ||   780
Block: Other             |     2 |    32 |    30 |   120 |    83 ||   267

Table legend: (Time is in decaauts)
 A = Elapsed time spent in this place.
 B = Non-inter-level travel time spent in this place.
 C = Inter-level travel time spent in this place.
 D = Time resting spent in this place.
 E = Time spent auto-exploring this place.
 F = Levels seen in this place.
 G = Mean time per level.
                   A        B        C        D        E       F      G
               +--------+--------+--------+--------+--------+-----+--------+
         Total |  22540 |  21914 |    626 |   4277 |  11971 |  17 | 1325.9 |
       Dungeon |   9684 |   9429 |    255 |    994 |   6494 |   9 | 1076.0 |
          Lair |   7410 |   7088 |    322 |    784 |   4950 |   5 | 1482.0 |
  Orcish Mines |   3688 |   3640 |     48 |   1333 |    378 |   2 | 1844.0 |
      Ice Cave |   1757 |   1757 |      0 |   1165 |    148 |   1 | 1757.0 |
               +--------+--------+--------+--------+--------+-----+--------+

Top non-repeatable levels by time:
   Orc:2: 2801 daAuts
  Lair:3: 2595 daAuts
   IceCv: 1757 daAuts
     D:7: 1538 daAuts
  Lair:4: 1377 daAuts
     D:1: 1303 daAuts
     D:3: 1185 daAuts
  Lair:2: 1171 daAuts
  Lair:5: 1155 daAuts
     D:4: 1123 daAuts
  Lair:1: 1111 daAuts
     D:8: 1110 daAuts
     D:6: 972 daAuts
     D:2: 961 daAuts
     D:9: 940 daAuts
